[Event "Titled Tuesday Blitz February 15 Early 2022"]
[White "Krstulovic, Alex"]
[Black "Tuleyeva-Aketayeva, Dana"]
[WhiteFideId "760056"]
[BlackFideId "13701932"]
[WhiteElo "2193"]
[BlackElo "1944"]
[Result "1-0"]
[Round "08"]
[TimeControl "180+1"]
[Date "2022.02.15"]
[WhiteClock "0:01:43"]
[BlackClock "0:00:02"]

1. d4 Nf6 2. e4 Nxe4 3. Nf3 Nf6 4. d5 e6 5. c4 exd5 6. cxd5 Bb4+ 7. Nc3 Qe7+ 8. Be2 Ne4 9. Qd4 Bxc3+ 10. bxc3 Nf6 11. Bg5 h6 12. Bh4 d6 13. O-O O-O 14. Bd3 c5 15. Qf4 Nbd7 16. Rae1 Ne5 17. Nxe5 dxe5 18. Rxe5 Qd6 19. Bxf6 Qxf6 20. Qxf6 gxf6 21. Re7 b6 22. Rfe1 Bg4 23. Bb5 Rad8 24. Bc6 Bf5 25. Rxa7 Rd6 26. Ree7 Bc2 27. h3 Bd3 28. Re3 Bc4 29. Rf3 Bxd5 30. Bxd5 Rxd5 31. Rxf6 Rd1+ 32. Kh2 b5 33. Rxh6 Rd2 34. Rh5 c4 35. Rg5+ Kh7 36. Rf5 Rd3 37. Rfxf7+ Rxf7 38. Rxf7+ Kg6 39. Rb7 Rxc3 40. Rxb5 Rc2 41. Rc5 c3 42. a4 Rc1 43. a5 c2 44. a6 Kf6 45. a7 Ra1 46. Rxc2 Rxa7 47. g4 Kg5 48. Kg3 Ra3+ 49. f3 Rc3 50. Rxc3 1-0


[Site "https://www.chess.com"]

[Event "Titled Tuesday Blitz February 15 Early 2022"]
[White "Kucuksari, Kaan"]
[Black "Siva Mahadevan"]
[WhiteFideId "6380166"]
[BlackFideId "25043153"]
[WhiteElo "2305"]
[BlackElo "2203"]
[Result "1/2-1/2"]
[Round "08"]
[TimeControl "180+1"]
[Date "2022.02.15"]
[WhiteClock "0:00:04"]
[BlackClock "0:00:36"]

1. d4 Nf6 2. c4 g6 3. g3 Bg7 4. Bg2 O-O 5. Nf3 d6 6. O-O Nbd7 7. Nc3 e5 8. e4 c6 9. h3 Qa5 10. Re1 exd4 11. Nxd4 Ne5 12. Bf1 Qb6 13. Be3 c5 14. Ndb5 Be6 15. b3 a6 16. Na3 Qa5 17. Bd2 Qxa3 18. Nb1 Qb2 19. Bc3 Qxa1 20. Bxa1 Rad8 21. Nc3 Rfe8 22. Bg2 Bc8 23. f4 Nc6 24. Nd5 Nxd5 25. Bxg7 Kxg7 26. cxd5 Nd4 27. b4 b6 28. Qb1 h5 29. Kh2 Bd7 30. bxc5 bxc5 31. Qb6 Bb5 32. e5 Rd7 33. Re4 dxe5 34. Rxe5 Rc8 35. d6 Nf5 36. Rxc5 Rxd6 37. Qa7 Rxc5 38. Qxc5 Rd2 39. Qc3+ Rd4 40. g4 hxg4 41. hxg4 Kh7 42. gxf5 Rxf4 43. Qh3+ Kg7 44. Qc3+ Kh7 45. f6 Bc4 46. a3 Be6 47. Qe5 Rf5 48. Qd4 Rh5+ 49. Kg1 Rf5 50. Qd8 Rf4 51. Qe7 Kh6 52. Qf8+ Kg5 53. Qc5+ Kxf6 54. Qc3+ Kg5 55. Qe3 a5 56. Qe5+ Rf5 57. Qe3+ Kf6 58. Qd4+ Kg5 59. Qd2+ Kf6 60. Be4 Rg5+ 61. Kf2 Rg4 62. Qd4+ Kg5 63. Qe5+ Bf5 64. Bxf5 Rf4+ 65. Kg3 Rxf5 66. Qe7+ Kh6 67. Qf8+ Kh7 68. Qa8 Kg7 69. Qe4 Kh7 70. Qh4+ Kg7 71. Qd4+ Kh7 72. Qc4 Kg7 73. Kg4 Kh7 74. Qc3 Rh5 75. Kf4 Rf5+ 76. Ke4 Rh5 77. a4 Rf5 78. Qd3 Kg7 79. Qb5 Kh7 80. Qd7 Kg7 81. Qd4+ Kh7 82. Qa7 Kg7 83. Qg1 Kh7 84. Qh1+ Kg7 85. Qh2 Kg8 86. Kd4 Kg7 87. Kc4 Kg8 88. Qb2 Kh7 89. Qb7 Kg7 90. Qh1 Kg8 91. Qe1 Kg7 92. Qb1 Kg8 93. Qb5 Kg7 94. Qb3 Kg8 95. Qc3 Kh7 96. Qh3+ Kg8 97. Kd4 Kg7 98. Kc4 Kg8 99. Qh6 Rh5 100. Qf4 Rf5 101. Qh6 Rh5 102. Qe3 Rf5 103. Qd4 Kh7 104. Qd8 Kg7 105. Qh4 Rh5 106. Qe1 Rf5 107. Qa1+ Kg8 108. Kd4 Kg7 109. Ke4+ Kg8 110. Qb1 Kg7 111. Qb5 Kg8 112. Qd3 Kg7 113. Qd4+ Kg8 114. Qd8+ Kg7 115. Qe7 Rh5 116. Qa7 Rf5 117. Qd4+ 1/2-1/2


[Site "https://www.chess.com"]

[Event "Titled Tuesday Blitz February 15 Early 2022"]
[White "Kurbonboeva, Sarvinoz"]
[Black "Namitbir Singh Walia"]
[WhiteFideId "14201780"]
[BlackFideId "35071068"]
[WhiteElo "2054"]
[BlackElo "1479"]
[Result "1-0"]
[Round "08"]
[TimeControl "180+1"]
[Date "2022.02.15"]
[WhiteClock "0:00:06"]
[BlackClock "0:00:08"]

1. d4 Nf6 2. c4 e6 3. Nf3 Bb4+ 4. Bd2 Qe7 5. g3 Nc6 6. Bg2 Bxd2+ 7. Nbxd2 O-O 8. O-O d6 9. Qc2 e5 10. dxe5 dxe5 11. Ne4 Nd7 12. Rfd1 f5 13. Nc3 Nf6 14. Nd5 Nxd5 15. cxd5 Nb4 16. Qc4 Kh8 17. d6 cxd6 18. Qxb4 e4 19. Nd4 f4 20. gxf4 Rxf4 21. Nb5 Qg5 22. Kh1 e3 23. Qxd6 Bf5 24. fxe3 Rg4 25. Bf3 Re8 26. Nc7 Rg8 27. Ne6 Qxe3 28. Nc5 Rh4 29. Qd5 Qf2 30. Qe5 h5 31. Rf1 1-0


[Site "https://www.chess.com"]

[Event "Titled Tuesday Blitz February 15 Early 2022"]
[White "Kuzmin, Roman"]
[Black "Deuer, Marius"]
[WhiteFideId "44134932"]
[BlackFideId "16236432"]
[WhiteElo "1978"]
[BlackElo "2091"]
[Result "1-0"]
[Round "08"]
[TimeControl "180+1"]
[Date "2022.02.15"]
[WhiteClock "0:02:09"]
[BlackClock "0:00:33"]

1. e4 b6 2. d4 Bb7 3. Nc3 e6 4. Be3 Nf6 5. f3 d5 6. e5 Nfd7 7. Nce2 c5 8. c3 Nc6 9. f4 f6 10. Nf3 cxd4 11. cxd4 Bb4+ 12. Bd2 fxe5 13. fxe5 O-O 14. Ng3 Rxf3 15. gxf3 Bxd2+ 16. Qxd2 Qh4 17. O-O-O a5 18. Bb5 Nf8 19. f4 Nb4 20. a3 Bc6 21. Bxc6 Nxc6 22. Kb1 a4 23. Rhf1 Na5 24. f5 Nc4 25. Qf4 Qxh2 26. Rf2 Qh3 27. Rh1 1-0


[Site "https://www.chess.com"]

[Event "Titled Tuesday Blitz February 15 Early 2022"]
[White "Lauridsen, Jesper Morch"]
[Black "Todorovic, Bojan"]
[WhiteFideId "1401890"]
[BlackFideId "917087"]
[WhiteElo "2208"]
[BlackElo "2266"]
[Result "1/2-1/2"]
[Round "08"]
[TimeControl "180+1"]
[Date "2022.02.15"]
[WhiteClock "0:00:04"]
[BlackClock "0:00:04"]

1. e4 c5 2. Nf3 e6 3. d4 cxd4 4. Nxd4 a6 5. Nc3 Qc7 6. f4 Bb4 7. Qf3 Nc6 8. Nb3 Nf6 9. Bd2 O-O 10. e5 Bxc3 11. Bxc3 Nd5 12. Bd2 Ncb4 13. Bxb4 Nxb4 14. Bd3 Nxd3+ 15. cxd3 d6 16. d4 Bd7 17. O-O Bc6 18. Qg3 Bd5 19. f5 exf5 20. exd6 Qc2 21. Rf2 Qe4 22. Rd1 b6 23. Rf4 Qe6 24. Rdf1 g6 25. Rxf5 Rad8 26. Rf6 Qe2 27. R6f2 Qe6 28. Qe5 Rxd6 29. Nd2 Qxe5 30. dxe5 Re6 31. Re1 Rfe8 32. Rfe2 f6 33. Nf3 Bxf3 34. gxf3 Rxe5 35. Rxe5 Rxe5 36. Rc1 Re2 37. Rc8+ Kg7 38. Rc7+ Kh6 39. Rc6 Rxb2 40. Rxf6 Kg5 41. Rc6 Kf4 42. Rf6+ Ke5 43. Rf7 Rxa2 44. Rb7 b5 45. Rxh7 b4 46. Re7+ Kf4 47. Rf7+ Kg5 48. h4+ Kxh4 49. Rf4+ Kh5 50. Rxb4 a5 51. Rb5+ Kh4 52. f4 Kg3 53. Rg5+ Kxf4 54. Rxg6 a4 55. Kf1 Ke3 56. Rg3+ Kd4 57. Ke1 a3 58. Kd1 Kc4 59. Kc1 Kb4 60. Kb1 Re2 61. Ka1 Rd2 62. Kb1 Rd4 63. Ka1 Rd2 64. Rf3 Rc2 65. Rf4+ Kb3 66. Rf3+ Ka4 67. Rf4+ Kb3 68. Rf3+ Kb4 69. Rf4+ Rc4 70. Rxc4+ Kxc4 71. Ka2 Kd5 72. Kxa3 1/2-1/2


[Site "https://www.chess.com"]

[Event "Titled Tuesday Blitz February 15 Early 2022"]
[White "Le, Tuan Minh"]
[Black "Jobava, Baadur"]
[WhiteFideId "12401153"]
[BlackFideId "13601520"]
[WhiteElo "2450"]
[BlackElo "2617"]
[Result "0-1"]
[Round "08"]
[TimeControl "180+1"]
[Date "2022.02.15"]
[WhiteClock "0:00:03"]
[BlackClock "0:00:34"]

1. d4 Nf6 2. Nf3 e6 3. Bf4 b6 4. e3 Bb7 5. Bd3 Be7 6. h3 h6 7. c4 d6 8. Nc3 Nbd7 9. Bh2 O-O 10. O-O c5 11. Qe2 a6 12. Rfd1 Re8 13. Rac1 Bf8 14. b3 Rc8 15. Bb1 d5 16. cxd5 Nxd5 17. Nxd5 exd5 18. dxc5 bxc5 19. Qd3 Nf6 20. Be5 Ne4 21. Bb2 Qb6 22. Qc2 d4 23. exd4 cxd4 24. Bxd4 Qa5 25. Qd3 Rcd8 26. Qc2 Ba3 27. Qc7 Qb5 28. Bd3 Qd7 29. Rc2 Ng5 30. Nxg5 hxg5 31. Qxd7 Rxd7 32. Bf5 Rd5 33. Bg4 Red8 34. Rcd2 Bb4 35. Rd3 Bc5 36. Bf3 Rxd4 37. Rxd4 Bxd4 38. Rxd4 Rxd4 39. Bxb7 Rd1+ 40. Kh2 a5 41. Kg3 Rd2 42. a4 Rd3+ 43. f3 Rxb3 44. Bc6 Rb4 45. Bd7 f6 46. Kf2 Kf8 47. Bc6 Ke7 48. Ke3 Kd6 49. Bb5 Rxb5 0-1


[Site "https://www.chess.com"]

[Event "Titled Tuesday Blitz February 15 Early 2022"]
[White "Leve, Nitai"]
[Black "Gontcharov, Vladislav"]
[WhiteFideId "2006898"]
[BlackFideId "4123492"]
[WhiteElo "2144"]
[BlackElo "2503"]
[Result "1-0"]
[Round "08"]
[TimeControl "180+1"]
[Date "2022.02.15"]
[WhiteClock "0:00:03"]
[BlackClock "0:00:01"]

1. e4 e6 2. d4 d5 3. e5 c5 4. c3 Nc6 5. Nf3 Nge7 6. Bd3 cxd4 7. cxd4 Nf5 8. Bxf5 exf5 9. Nc3 Be6 10. O-O h6 11. Rb1 Be7 12. b4 Bxb4 13. Qd3 Rb8 14. Nb5 a6 15. Nc3 O-O 16. Ne2 Qe7 17. Ng3 Qd7 18. Nh4 f4 19. Nh5 Be7 20. Nf3 Bf5 21. Qb3 Bxb1 22. Qxb1 Nd8 23. Bxf4 Ne6 24. Be3 Rfc8 25. Qf5 Nf8 26. Qf4 Ng6 27. Qg3 Rc3 28. Bd2 Ra3 29. e6 Bd6 30. exd7 Bxg3 31. Nxg3 Rd8 32. Re1 Rxd7 33. Re8+ Kh7 34. h4 Rxa2 35. h5 Ne7 36. Ne5 Rc7 37. Nxf7 Ng8 38. Ne5 Rxd2 39. Nf5 Rc1+ 40. Kh2 Rxf2 41. Nh4 Rf4 42. Neg6 Rf6 43. Nf8+ Rxf8 44. Rxf8 1-0


[Site "https://www.chess.com"]

[Event "Titled Tuesday Blitz February 15 Early 2022"]
[White "Lohani, Sujana"]
[Black "Zavivaeva, Emilia"]
[WhiteFideId "12311987"]
[BlackFideId "34127531"]
[WhiteElo "1691"]
[BlackElo "1685"]
[Result "0-1"]
[Round "08"]
[TimeControl "180+1"]
[Date "2022.02.15"]
[WhiteClock "0:00:04"]
[BlackClock "0:00:04"]

1. d4 d5 2. c4 e6 3. e3 Nf6 4. Nf3 Be7 5. Bd3 O-O 6. O-O b6 7. cxd5 Nxd5 8. Nc3 Bb7 9. Bc2 Nd7 10. Qd3 N7f6 11. a3 c5 12. Ne4 Rc8 13. Rd1 cxd4 14. Nxd4 Qc7 15. Bb1 Qxc1 16. Ba2 Qc7 17. Nb5 Qb8 18. Ng5 h6 19. Nf3 Rfd8 20. Nbd4 a6 21. e4 Nc7 22. e5 Be4 23. Qe3 Bxf3 24. exf6 Bxf6 25. Nxf3 Nd5 26. Qb3 b5 27. Rac1 Qb6 28. Rxc8 Rxc8 29. Nd2 Nf4 30. Ne4 Be7 31. Qf3 Nd5 32. Bxd5 exd5 33. Rxd5 Rc1+ 34. Rd1 Rxd1+ 35. Qxd1 Kh7 36. Qc2 Qg6 37. h3 Bf6 38. Nxf6+ gxf6 39. Qc6 f5 40. Qd5 Kg7 41. Qf3 Qf6 42. g3 Qxb2 43. Qxf5 Qxa3 44. Qg4+ Kh7 45. Qf5+ Kg8 46. Qg4+ Kf8 47. Qc8+ Kg7 48. Qg4+ Kf6 49. Qc8 Qc1+ 50. Kg2 Qxc8 0-1


[Site "https://www.chess.com"]

[Event "Titled Tuesday Blitz February 15 Early 2022"]
[White "Maltsevskaya, Aleksandra"]
[Black "Dubov, Daniil"]
[WhiteFideId "24174041"]
[BlackFideId "24126055"]
[WhiteElo "2283"]
[BlackElo "2791"]
[Result "0-1"]
[Round "08"]
[TimeControl "180+1"]
[Date "2022.02.15"]
[WhiteClock "0:01:43"]
[BlackClock "0:01:30"]

1. e4 c6 2. Nf3 Na6 3. d4 Nc7 4. Bd3 Nb5 5. c4 Nc7 6. Nc3 d6 7. Bf4 g6 8. Qd2 Bg7 9. O-O-O Bg4 10. Qe3 Bxf3 11. gxf3 Ne6 12. Ne2 Nxf4 13. Nxf4 Bh6 14. e5 e6 15. Kb1 Qh4 16. Be4 Bxf4 17. Qb3 Qe7 18. d5 cxd5 19. cxd5 Bxe5 20. dxe6 Kf8 21. exf7 Nf6 22. Rhe1 Qxf7 23. Qb4 Kg7 24. f4 Bxf4 25. Bxb7 Rab8 0-1


[Site "https://www.chess.com"]

[Event "Titled Tuesday Blitz February 15 Early 2022"]
[White "Mamedyarov, Shakhriyar"]
[Black "Jumabayev, Rinat"]
[WhiteFideId "13401319"]
[BlackFideId "13702661"]
[WhiteElo "2769"]
[BlackElo "2561"]
[Result "0-1"]
[Round "08"]
[TimeControl "180+1"]
[Date "2022.02.15"]
[WhiteClock "0:00:02"]
[BlackClock "0:00:12"]

1. d4 e6 2. c4 d5 3. Nc3 Nf6 4. Nf3 Nbd7 5. cxd5 exd5 6. Bg5 Be7 7. e3 c6 8. Bd3 O-O 9. Qc2 Re8 10. Bf4 Nf8 11. O-O-O b5 12. Ne5 Bd7 13. g4 g6 14. h4 Nxg4 15. Nxd7 Qxd7 16. h5 Bd6 17. hxg6 fxg6 18. Bxd6 Qxd6 19. Rdg1 Nf6 20. Ne2 Re7 21. Nf4 Rg7 22. Rh6 Re8 23. Kb1 Ne4 24. f3 Nf6 25. Qf2 Qe7 26. Qh4 N6d7 27. Qg3 Qxe3 28. Bc2 Qxd4 29. Rhh1 Ree7 30. a3 Qf6 31. Rh6 Ne5 32. Nh5 Qxf3 33. Nxg7 Qxg3 34. Rxg3 Kxg7 35. Rh1 Nc4 36. Rgh3 a5 37. Bd3 Ne5 38. Bc2 a4 39. Re3 Nfd7 40. Rhe1 d4 41. Re4 c5 42. b3 axb3 43. Bxb3 c4 44. Bd1 d3 45. Bg4 Kf6 46. Bxd7 Rxd7 47. Rf1+ Ke6 48. Rfe1 Rd5 49. Rh4 c3 50. Rf1 h5 51. Rb4 Kd6 52. a4 bxa4 53. Rxa4 Nc6 54. Kc1 Kc5 55. Ra6 Nb4 56. Ra5+ Kc4 57. Rf4+ Rd4 58. Rxd4+ Kxd4 59. Rg5 d2+ 60. Kd1 Nd3 61. Kc2 Nf2 62. Rg1 d1=Q+ 63. Rxd1+ Nxd1 64. Kb3 Ne3 0-1


[Site "https://www.chess.com"]

[Event "Titled Tuesday Blitz February 15 Early 2022"]
[White "Martin Carmona, Gaston Manuel"]
[Black "Rychagov, Andrey"]
[WhiteFideId "22284567"]
[BlackFideId "4119932"]
[WhiteElo "2161"]
[BlackElo "2500"]
[Result "1-0"]
[Round "08"]
[TimeControl "180+1"]
[Date "2022.02.15"]
[WhiteClock "0:00:40"]
[BlackClock "0:01:10"]

1. e4 c5 2. Nc3 Nc6 3. Nf3 e6 4. d4 cxd4 5. Nxd4 Qc7 6. Be3 a6 7. Qd2 Nf6 8. O-O-O Bb4 9. f3 Ne5 10. Nb3 O-O 11. Kb1 Bxc3 12. Qxc3 Qxc3 13. bxc3 d5 14. Bd4 Nc4 15. exd5 b5 16. Bxf6 gxf6 17. Bxc4 bxc4 18. Na5 Rb8+ 19. Kc1 Rd8 20. Nc6 Bb7 21. Nxd8 Rxd8 22. dxe6 Rf8 23. e7 1-0


[Site "https://www.chess.com"]

[Event "Titled Tuesday Blitz February 15 Early 2022"]
[White "Martirosyan, Haik M."]
[Black "Annaberdiyev, Babageldi"]
[WhiteFideId "13306553"]
[BlackFideId "14000385"]
[WhiteElo "2735"]
[BlackElo "2332"]
[Result "1-0"]
[Round "08"]
[TimeControl "180+1"]
[Date "2022.02.15"]
[WhiteClock "0:01:10"]
[BlackClock "0:01:49"]

1. c4 e6 2. Nc3 f5 3. g3 Nf6 4. Bg2 Bb4 5. Qb3 c5 6. a3 Ba5 7. Nf3 Nc6 8. O-O O-O 9. e3 b6 10. d4 Bb7 11. Rd1 Bxc3 12. Qxc3 Ne4 13. Qc2 cxd4 14. exd4 Rc8 15. b4 Ne7 16. Qe2 Nc3 17. Qd3 Nxd1 18. Qxd1 Bxf3 19. Bxf3 Rxc4 20. d5 Qc7 21. d6 Qd8 22. Bg5 Rf7 23. dxe7 Qe8 24. Be2 Re4 25. Bb5 h6 26. Bxd7 1-0


[Site "https://www.chess.com"]

[Event "Titled Tuesday Blitz February 15 Early 2022"]
[White "Matinian, Nikita"]
[Black "Ratnakaran, K."]
[WhiteFideId "24129100"]
[BlackFideId "5005507"]
[WhiteElo "2422"]
[BlackElo "2391"]
[Result "0-1"]
[Round "08"]
[TimeControl "180+1"]
[Date "2022.02.15"]
[WhiteClock "0:01:26"]
[BlackClock "0:01:31"]

1. Nf3 g6 2. e4 Bg7 3. Nc3 c5 4. Bc4 Nc6 5. d3 a6 6. h4 b5 7. Bd5 Bb7 8. h5 e6 9. h6 Bxc3+ 10. bxc3 exd5 11. exd5 Nce7 12. d6 Nf5 13. Bf4 Qa5 14. Qe2+ Kf8 15. O-O Re8 16. Ne5 Qd8 17. Qd2 f6 18. Ng4 g5 19. Bh2 Ngxh6 20. Nxh6 Nxh6 21. f4 g4 22. f5 Kg7 23. a4 Qb6 24. axb5 axb5 25. Rae1 Nf7 26. Re7 h5 27. Rfe1 Rxe7 28. Rxe7 c4+ 29. d4 Qc6 30. Qe2 Ra8 31. Bf4 Qd5 32. Rxd7 Qxf5 33. Qf2 Qxd7 0-1


[Site "https://www.chess.com"]

[Event "Titled Tuesday Blitz February 15 Early 2022"]
[White "Matlakov, Maxim"]
[Black "Krysa, Leandro"]
[WhiteFideId "4168003"]
[BlackFideId "116807"]
[WhiteElo "2661"]
[BlackElo "2490"]
[Result "1-0"]
[Round "08"]
[TimeControl "180+1"]
[Date "2022.02.15"]
[WhiteClock "0:00:27"]
[BlackClock "0:00:02"]

1. Nf3 Nf6 2. g3 d5 3. Bg2 c6 4. c4 Bf5 5. cxd5 cxd5 6. Qb3 Nc6 7. Qxb7 Bd7 8. Qb3 Rb8 9. Qd1 e5 10. d3 Bb4+ 11. Nfd2 h5 12. Nc3 h4 13. Nxd5 Nxd5 14. Bxd5 Nd4 15. e3 Bb5 16. Be4 f5 17. Bg2 h3 18. Bxh3 Rxh3 19. exd4 Bxd3 20. a3 Qd5 21. f3 Qxd4 22. Qa4+ Kf8 23. Kd1 Rxh2 24. Re1 Qc5 25. Qb3 Bxd2 26. Qxb8+ Kf7 27. Qb3+ Bc4 28. Qb7+ Kg8 29. Bxd2 Rxd2+ 30. Kxd2 Qd4+ 31. Kc1 1-0


[Site "https://www.chess.com"]

[Event "Titled Tuesday Blitz February 15 Early 2022"]
[White "Milosevic, Milos"]
[Black "Petrova, Irina"]
[WhiteFideId "964875"]
[BlackFideId "14124122"]
[WhiteElo "2198"]
[BlackElo "1988"]
[Result "1-0"]
[Round "08"]
[TimeControl "180+1"]
[Date "2022.02.15"]
[WhiteClock "0:00:13"]
[BlackClock "0:00:02"]

1. g3 d5 2. Bg2 c6 3. d3 Nf6 4. e4 dxe4 5. dxe4 Qxd1+ 6. Kxd1 e5 7. f3 Be6 8. Bh3 Bxh3 9. Nxh3 Bc5 10. c3 a5 11. a4 Nbd7 12. Nd2 h6 13. Nc4 Ke7 14. Kc2 Rhd8 15. Rd1 Ke6 16. Be3 Bxe3 17. Nxe3 Nc5 18. Nf5 g6 19. Nxh6 Rxd1 20. Rxd1 Rh8 21. Ng5+ Ke7 22. Ngxf7 Rh7 23. g4 Rxf7 24. Nxf7 Kxf7 25. Ra1 g5 26. b4 axb4 27. cxb4 Ne6 28. Kc3 Nd4 29. Rf1 Ne8 30. Kc4 b6 31. a5 Nd6+ 32. Kd3 bxa5 33. bxa5 c5 34. a6 c4+ 35. Ke3 N6b5 36. Rc1 Nc7 37. a7 Ndb5 38. Rxc4 Ke6 39. Rc6+ Kd7 40. Rg6 Nxa7 41. Rxg5 Nc6 42. Rg7+ Kd6 43. h4 Ne6 44. Rg8 Ke7 45. g5 Ncd4 46. g6 Kf6 47. h5 Nf4 48. Rf8+ Kg7 49. Rxf4 Nc2+ 50. Kd2 exf4 51. Kxc2 1-0


[Site "https://www.chess.com"]

[Event "Titled Tuesday Blitz February 15 Early 2022"]
[White "Mirzanurov, Bulat"]
[Black "Desideri, Ricardo Maruchi"]
[WhiteFideId "4184521"]
[BlackFideId "2110440"]
[WhiteElo "2116"]
[BlackElo "1945"]
[Result "1-0"]
[Round "08"]
[TimeControl "180+1"]
[Date "2022.02.15"]
[WhiteClock "0:00:02"]
[BlackClock "0:00:04"]

1. e4 c5 2. Nf3 d6 3. d4 cxd4 4. Nxd4 Nf6 5. Nc3 a6 6. Bg5 Nbd7 7. Qe2 Qc7 8. O-O-O e6 9. f4 Be7 10. g4 b5 11. a3 Bb7 12. f5 e5 13. Bxf6 Nxf6 14. Nb3 Rc8 15. Bg2 h6 16. Kb1 Qc4 17. Qe3 Nxg4 18. Qg3 Nf6 19. Bf1 Qc7 20. Qxg7 Rg8 21. Qxh6 Nxe4 22. Bd3 Nxc3+ 23. bxc3 Qxc3 24. Rhg1 Rf8 25. f6 Bd8 26. Bf5 Rc6 27. Be4 Rc7 28. Bxb7 Rxb7 29. Rxd6 Bb6 30. Rgd1 Rb8 31. Qg5 Bd4 32. Nxd4 Rc8 33. Qd2 exd4 34. Qe2+ Qe3 35. Qxe3+ dxe3 36. Re1 1-0


[Site "https://www.chess.com"]

[Event "Titled Tuesday Blitz February 15 Early 2022"]
[White "Mohammed, Dilshad"]
[Black "Samarth, J Rao"]
[WhiteFideId "5050421"]
[BlackFideId "46652370"]
[WhiteElo "2153"]
[BlackElo "1514"]
[Result "1-0"]
[Round "08"]
[TimeControl "180+1"]
[Date "2022.02.15"]
[WhiteClock "0:02:31"]
[BlackClock "0:01:41"]

1. Nf3 d5 2. c4 d4 3. e3 c5 4. b4 dxe3 5. fxe3 cxb4 6. d4 Nf6 7. Bd3 Nc6 8. O-O Bg4 9. Bb2 e6 10. Nbd2 a5 11. Qa4 Bd6 12. e4 O-O 13. e5 Nxe5 14. dxe5 Bc5+ 15. Kh1 Qxd3 16. exf6 Bxf3 17. Nxf3 Qxc4 18. fxg7 Rfd8 19. Ne5 Qe4 20. Nxf7 Rd2 21. Nh6# 1-0


[Site "https://www.chess.com"]

[Event "Titled Tuesday Blitz February 15 Early 2022"]
[White "Moksh Amit Doshi"]
[Black "Nguyen, Ngoc Truong Son"]
[WhiteFideId "25064967"]
[BlackFideId "12401110"]
[WhiteElo "2245"]
[BlackElo "2596"]
[Result "0-1"]
[Round "08"]
[TimeControl "180+1"]
[Date "2022.02.15"]
[WhiteClock "0:00:08"]
[BlackClock "0:00:03"]

1. d4 Nf6 2. c4 g6 3. Nc3 d6 4. Nf3 Nbd7 5. e4 e5 6. Be2 Bg7 7. O-O O-O 8. Re1 Qe7 9. Bf1 c6 10. b3 exd4 11. Nxd4 Nc5 12. Ba3 Ng4 13. Rc1 Qh4 14. Nf3 Qxf2+ 15. Kh1 Bxc3 16. Rxc3 Qxa2 17. Qa1 Qxa1 18. Rxa1 Nxe4 19. Rc2 Bf5 20. Rca2 Ne3 21. Bd3 Rfe8 22. Bxe4 Bxe4 23. Bxd6 Bxf3 24. gxf3 Nf5 25. Bc5 a6 26. Rd2 Rad8 27. Rad1 Rxd2 28. Rxd2 Re1+ 29. Kg2 Rb1 30. b4 Rc1 31. Rd7 b5 32. cxb5 cxb5 33. Ra7 Ra1 34. f4 h5 35. Kf3 Ra2 36. h3 Ra3+ 37. Ke4 Rxh3 38. Rxa6 h4 39. Ra8+ Kg7 40. Ra7 Rc3 41. Ra2 h3 42. Rh2 Kh6 43. Ke5 Kh5 44. Kf6 Kg4 45. Kxf7 Kg3 46. Rxh3+ Kxh3 47. Kxg6 Kg4 0-1


[Site "https://www.chess.com"]

[Event "Titled Tuesday Blitz February 15 Early 2022"]
[White "Moroni, Luca Jr"]
[Black "Sviridov, Valery"]
[WhiteFideId "865834"]
[BlackFideId "4120680"]
[WhiteElo "2573"]
[BlackElo "2454"]
[Result "1-0"]
[Round "08"]
[TimeControl "180+1"]
[Date "2022.02.15"]
[WhiteClock "0:00:18"]
[BlackClock "0:00:20"]

1. d4 g6 2. e4 Bg7 3. Nc3 d6 4. Be3 a6 5. g4 b5 6. h4 h5 7. gxh5 Rxh5 8. Be2 Rh8 9. Bf3 e6 10. Bg5 Bf6 11. Bxf6 Nxf6 12. e5 Nd5 13. Nxd5 exd5 14. Bxd5 c6 15. Bg2 Rxh4 16. Rxh4 Qxh4 17. exd6 Be6 18. Qd2 Qh2 19. Qg5 Qxd6 20. O-O-O Nd7 21. Nf3 Qe7 22. Qf4 Rc8 23. Re1 Qf6 24. Qxf6 Nxf6 25. Bh3 Kd7 26. Ne5+ Kd6 27. Nxf7+ Bxf7 28. Bxc8 a5 29. a3 a4 30. c3 Nd5 31. Re5 Nf4 32. Kd2 Bc4 33. Rg5 Bf7 34. Bg4 Ke7 35. Bf3 Kd6 36. Rg4 Ne6 37. Be4 Nf8 38. Rf4 1-0


[Site "https://www.chess.com"]

[Event "Titled Tuesday Blitz February 15 Early 2022"]
[White "Moskvin, Anatoly"]
[Black "Atakhan, Abtin"]
[WhiteFideId "24199990"]
[BlackFideId "22502203"]
[WhiteElo "2079"]
[BlackElo "2119"]
[Result "0-1"]
[Round "08"]
[TimeControl "180+1"]
[Date "2022.02.15"]
[WhiteClock "0:00:06"]
[BlackClock "0:00:06"]

1. e4 c6 2. c4 d5 3. exd5 cxd5 4. cxd5 Nf6 5. Nc3 Nxd5 6. Nf3 Nc6 7. Bb5 e6 8. O-O Be7 9. d4 O-O 10. Re1 Bd7 11. h3 Rc8 12. Bd3 Ncb4 13. Nxd5 Nxd5 14. Ne5 Nb4 15. Bb1 Bf6 16. Qb3 a5 17. a3 Nc6 18. Qxb7 Rc7 19. Qa6 Qc8 20. Qd3 g6 21. Ba2 Nxe5 22. dxe5 Bxe5 23. Bh6 Bg7 24. Bxg7 Kxg7 25. Qd4+ Kg8 26. h4 h5 27. Qf4 Bb5 28. Re5 Bc4 29. Bb1 Rc5 30. Rxc5 Qxc5 31. Bc2 Bd5 32. Bd3 Rc8 33. Re1 Qc7 34. Qxc7 Rxc7 35. b4 Rc3 36. Ba6 Rxa3 37. b5 Rb3 38. Ra1 Bc4 39. Rxa5 Kg7 40. b6 Bd5 41. b7 Bxb7 42. Bxb7 Rxb7 43. g3 Rb2 44. Kg2 Re2 45. Ra6 Kf6 46. Ra5 Re5 47. Kf3 Rxa5 0-1


[Site "https://www.chess.com"]

[Event "Titled Tuesday Blitz February 15 Early 2022"]
[White "Mosutha, Thuso"]
[Black "Voege, Tobias"]
[WhiteFideId "11302550"]
[BlackFideId "1270513"]
[WhiteElo "2028"]
[BlackElo "2335"]
[Result "0-1"]
[Round "08"]
[TimeControl "180+1"]
[Date "2022.02.15"]
[WhiteClock "0:01:57"]
[BlackClock "0:02:04"]

1. d4 d5 2. Bf4 Nc6 3. Nf3 Nf6 4. e3 Bg4 5. Be2 e6 6. Ne5 Bxe2 7. Qxe2 Nxe5 8. Bxe5 Nd7 9. Bg3 Bd6 10. c3 O-O 11. Nd2 f5 12. O-O-O Nf6 13. f3 c5 14. Kb1 b5 15. Bxd6 Qxd6 16. e4 fxe4 17. fxe4 Qb6 18. dxc5 Qxc5 19. Nb3 Qb6 20. exd5 exd5 21. Nd4 Rae8 22. Qxb5 Qxb5 23. Nxb5 Re2 24. g3 Rb8 25. Nd4 Rbxb2+ 26. Kc1 Rg2 27. Rhe1 Rxa2 28. Kb1 Rgb2+ 29. Kc1 Rxh2 30. Nb3 Rhc2+ 31. Kb1 Rab2+ 0-1


[Site "https://www.chess.com"]

[Event "Titled Tuesday Blitz February 15 Early 2022"]
[White "Murthy, Pappu"]
[Black "Bon, Michael"]
[WhiteFideId "2013401"]
[BlackFideId "620696"]
[WhiteElo "1951"]
[BlackElo "2440"]
[Result "0-1"]
[Round "08"]
[TimeControl "180+1"]
[Date "2022.02.15"]
[WhiteClock "0:00:08"]
[BlackClock "0:00:40"]

1. c4 e5 2. Nc3 Nc6 3. g3 f5 4. Bg2 Nf6 5. d3 Bc5 6. e3 d6 7. Nge2 O-O 8. O-O a6 9. Rb1 Be6 10. a3 Ba7 11. Nd5 Qd7 12. b4 Rab8 13. Qc2 Ne7 14. Nec3 c6 15. Nxf6+ Rxf6 16. Bb2 Rbf8 17. b5 axb5 18. cxb5 d5 19. bxc6 bxc6 20. Ne2 Bb8 21. d4 e4 22. Rfc1 Rc8 23. a4 g5 24. Ba3 Ng6 25. Bc5 f4 26. exf4 gxf4 27. Nxf4 Nxf4 28. gxf4 Bxf4 29. Kh1 Rh6 0-1


[Site "https://www.chess.com"]

[Event "Titled Tuesday Blitz February 15 Early 2022"]
[White "Nadeev, Sergey"]
[Black "Kett, Tim"]
[WhiteFideId "4180038"]
[BlackFideId "1801210"]
[WhiteElo "2369"]
[BlackElo "2098"]
[Result "1-0"]
[Round "08"]
[TimeControl "180+1"]
[Date "2022.02.15"]
[WhiteClock "0:00:36"]
[BlackClock "0:00:34"]

1. d4 d5 2. Bf4 e6 3. e3 c5 4. Nf3 Nc6 5. Nc3 a6 6. a4 Nf6 7. Be2 Bd6 8. Bxd6 Qxd6 9. dxc5 Qxc5 10. Nd4 O-O 11. O-O e5 12. Nb3 Qd6 13. a5 Be6 14. Na4 Rad8 15. Nac5 Bc8 16. c3 Rfe8 17. Ra4 g6 18. Qd2 Kg7 19. Rd1 e4 20. Qc2 Qe5 21. Nd4 h5 22. Nxc6 bxc6 23. h3 Qg5 24. Kf1 Re5 25. Bxa6 Bxa6+ 26. Nxa6 Rf5 27. Qd2 Nd7 28. b4 h4 29. Nc5 Ne5 30. a6 Qg3 31. a7 Qh2 32. a8=Q Qh1+ 33. Ke2 Qxg2 34. Rf1 Rxa8 35. Rxa8 Nc4 36. Qd4+ f6 37. Ne6+ Kh7 38. Qa7+ Kh6 39. Rh8# 1-0


[Site "https://www.chess.com"]